Unix NetHack Version 5.0.0-0 post-release - last build May 22 2026 02:22:16 (99d1c3b6dc4b13757aaa5824b55bdea4e1e63757,branch:main).

Game began 2026-05-22 17:46:50, ended 2026-05-22 18:58:55.

Jobair, neutral female human Tourist

                                           ##############
                                           #--------
                                           #|......-
                                          ##.......|
                                           #|......|
                                           #|<.....|
                                    0#######------|-
                  ----.--------                   #
                  |............                 ###
                  ............|                 #
                  |...........|   *         #####
                  |...........+0##############
                  |............##      ----.-.-------
                  ----|-----..-##      |............|
    --&-.-            ##########0      |............|
    |@....                 #    ####   |............|
    |nd..| 0################       ####|............|
    |.....##                           |............|
    ------                             --------------

Jobair the Excursionist     St:10 Dx:14 Co:18 In:14 Wi:7 Ch:15  Neutral
Dlvl:6  $:0  HP:0(50) Pw:21(21) AC:7  Xp:6 T:3540  Burdened

Latest messages:
 The water demon hits!
 The water demon hits!
 The water demon bites!
 In what direction? u
 The dart misses the water demon.
 The water demon picks up 2 +2 darts.
 In what direction? u
 The dart misses the water demon.
 The water demon picks up a +2 dart.
 Godzilla steps reluctantly onto a forked polearm.
 The water demon hits!
 The water demon hits!
 The water demon bites!
 In what direction? u
 The dart misses the water demon.
 The water demon hits!
 The water demon hits!
 The water demon bites!
 What do you want to zap? [rAEH or ?*] ?
 In what direction? u
 The bolt of fire hits the water demon.
 The bolt of fire bounces!
 A water demon appears in a cloud of vapor!
 The water demon hits!
 The water demon hits!
 The water demon just misses!
 What do you want to use or apply? [k-mqrAEHS or ?*] ?
 In what direction? l
 The water demon is blinded by the flash!
 The water demon turns to flee.
 The water demon drinks a smoky potion!
 Suddenly you cannot see the water demon.
 The water demon hits!
 The water demon hits!
 The water demon bites!
 It picks up a forked polearm.
 The water demon picks up a +2 dart.
 Drink from the fountain? [yn] (n) y
 You attract a water nymph!
 It hits!
 It hits!
 It bites!
 The water demon hits!
 The water demon hits!
 You die...
 Do you want your possessions identified? [ynq] (y) y
 Do you want to see your attributes? [ynq] (y) y
 Do you want an account of creatures vanquished? [ynaq] (y) y
 Do you want to see your conduct and achievements? [ynq] (y) y
 Do you want to see the dungeon overview? [ynq] (y) y

Inventory:
 Amulets  ('"')
  Q - an uncursed amulet of reflection (being worn)
 Weapons  (')')
  M - 6 +0 elven arrows
  a - 18 +2 darts (at the ready)
  F - 14 +1 darts
  W - a +0 dagger
  U - a cursed +0 orcish dagger
  L - a blessed +0 elven short sword (weapon in right hand)
  I - a +0 war hammer
 Armor    ('[')
  P - an uncursed +0 orcish helm
  V - an uncursed +0 orcish helm (being worn)
  h - an uncursed +0 pair of iron shoes (being worn)
  n - an uncursed +0 dwarvish cloak (being worn)
  j - a cursed +0 Hawaiian shirt with a ukulele motif
 Comestibles  ('%')
  X - an uncursed candy bar labeled "Apollo"
  c - 3 uncursed food rations
  f - 2 uncursed fortune cookies
  e - an uncursed melon
  d - 6 uncursed tripe rations
  x - a cursed homemade tin of lichen
  b - an uncursed egg
 Scrolls  ('?')
  w - an uncursed scroll of amnesia
  u - an uncursed scroll of blank paper
  D - a cursed scroll of destroy armor
  z - an uncursed scroll of genocide
  C - an uncursed scroll of identify
  p - a blessed scroll of magic mapping
  i - 4 cursed scrolls of magic mapping
 Potions  ('!')
  o - an uncursed potion of booze
  g - a blessed potion of extra healing
  G - 2 uncursed potions of fruit juice
  O - an uncursed potion of gain energy
  B - a cursed potion of healing
  N - 2 uncursed potions of invisibility
  J - an uncursed potion of monster detection
  R - an uncursed potion of object detection
  K - an uncursed potion of sleeping
  t - an uncursed potion of speed
  s - 2 uncursed potions of water
 Rings    ('=')
  y - a cursed ring of aggravate monster
 Wands    ('/')
  A - a cursed wand of fire (0:4)
  H - a wand of opening (0:7)
  E - a wand of probing (0:4)
  r - a wand of speed monster (0:1)
 Tools    ('(')
  q - an uncursed brass lantern
  l - an uncursed credit card
  k - an expensive camera (0:66)
  m - a magic marker (0:69)
  S - an uncursed mirror
 Gems/Stones  ('*')
  Y - 2 uncursed worthless pieces of green glass
  v - 3 uncursed worthless pieces of orange glass
  Z - an uncursed worthless piece of yellow glass

Jobair the Tourist's attributes:

Background:
 You were an Excursionist, a level 6 female human Tourist.
 You were neutral, on a mission for The Lady
 who was opposed by Blind Io (lawful) and Offler (chaotic).
 You were right-handed.
 You were in the Dungeons of Doom, on level 6.
 You entered the dungeon 3540 turns ago.
 You had 455 experience points, 185 more were needed to attain level 7.

Basics:
 You had 0 out of 50 hit points.
 You had all 21 energy points (spell power).
 Your armor class was 7.
 Your wallet was empty.
 Autopickup was off.

Final Characteristics:
 Your strength was 10 (limit:18/100).
 Your dexterity was 14 (limit:18).
 Your constitution was 18 (limit:18).
 Your intelligence was 14 (limit:18).
 Your wisdom was 7 (limit:18).
 Your charisma was 15 (limit:18).

Final Status:
 You weren't hungry.
 You were burdened; movement was slightly slowed.
 You were wielding a short sword.
 You were unskilled in short sword and could have enhanced that.

Final Attributes:
 You were piously aligned.
 Your items were somewhat protected from fire.
 Your items were somewhat protected from cold.
 You were warded.
 You had reflection.
 You are dead.

Miscellaneous:
 You didn't encounter any bones levels.
 Total elapsed playing time was 1 hour, 12 minutes and 5 seconds.

Major events:
 Turn
    1: Jobair the neutral female human Tourist entered the dungeon
 1524: attained the rank of Sightseer (level 3)
 3322: attained the rank of Excursionist (level 6)
 3540: killed by a water demon

You didn't know any spells.

Skills:
 Fighting Skills
   bare handed combat [Unskilled]
   two weapon combat  [Unskilled]
   riding             [Unskilled]
 Weapon Skills
   dagger             [Unskilled]
   knife              [Unskilled]
   axe                [Unskilled]
   pick-axe           [Unskilled]
   short sword        [Unskilled]
   broadsword         [Unskilled]
   long sword         [Unskilled]
   two-handed sword   [Unskilled]
   saber              [Unskilled]
   mace               [Unskilled]
   morning star       [Unskilled]
   flail              [Unskilled]
   hammer             [Unskilled]
   quarterstaff       [Unskilled]
   polearms           [Unskilled]
   spear              [Unskilled]
   trident            [Unskilled]
   lance              [Unskilled]
   bow                [Unskilled]
   sling              [Unskilled]
   crossbow           [Unskilled]
   dart               [Basic]
   shuriken           [Unskilled]
   boomerang          [Unskilled]
   whip               [Unskilled]
   unicorn horn       [Unskilled]
 Spellcasting Skills
   divination spells  [Unskilled]
   enchantment spells [Unskilled]
   escape spells      [Unskilled]

Voluntary challenges:
 Character rerolling was not enabled.
 You never genocided any monsters.
 You never polymorphed an object.
 You never changed form.
 You used no wishes.
Achievements:
 You entered a shop.
 You attained the rank of Sightseer.
 You attained the rank of Excursionist.

 The Dungeons of Doom: levels 1 to 6
    Level 1:
       A fountain.
    Level 2:
    Level 3:
       A scroll shop, an altar to The Lady, a fountain, a sink.
    Level 4:
    Level 5:
       A general store.
    Level 6: <- You were here.
       A fountain.
       Final resting place for
          you, killed by a water demon.


Vanquished creatures:
  a small mimic
  a leprechaun
  2 human zombies
  a water nymph
  a rock piercer
  a rock mole
  a pony
  a gray ooze
  a floating eye
  a dwarf
  a homunculus
  a hill orc
  2 giant bats
 an orc zombie
  a dwarf zombie
  a wererat
 an iguana
  a gas spore
  a hobgoblin
  4 giant rats
  2 green molds
  a garter snake
  2 geckos
  9 jackals
  a fox
  a kobold
  a goblin
  a sewer rat
  5 grid bugs
  2 lichens
  a kobold zombie
  7 newts
58 creatures vanquished.

No species were genocided or became extinct.

Game over:
                       ----------
                      /          \
                     /    REST    \
                    /      IN      \
                   /     PEACE      \
                  /                  \
                  |      Jobair      |
                  |       0 Au       |
                  |   killed by a    |
                  |   water demon    |
                  |                  |
                  |                  |
                  |       2026       |
                 *|     *  *  *      | *
        _________)/\\_//(\/(/\)/\//\/|_)_______

Aloha Jobair the Tourist...

You died in The Dungeons of Doom on dungeon level 6 with 2080 points,
and 0 pieces of gold, after 3540 moves.
You were level 6 with a maximum of 50 hit points when you died.

